 Dungeon Crawl Stone Soup version 0.28-a0-1524-ge72afd5fc6 (webtiles) character file.

Game seed: 7114295959209114411

3486 Shayle the Covert (level 9, -11/68 HPs)
             Began as a Demonspawn Warper on Jan 18, 2022.
             Killed from afar by a gnoll (25 damage)
             ... with a bolt of acid
             ... on level 8 of the Dungeon.
             The game lasted 00:26:56 (9205 turns).

Shayle the Covert (Demonspawn Warper)               Turns: 9205, Time: 00:26:56

Health: -11/68     AC: 15    Str: 12    XL:     9   Next: 79%
Magic:  21/21      EV: 10    Int: 19    God:
Gold:   294        SH:  5    Dex: 12    Spells: 3/12 levels left

rFire   . . .      SeeInvis .   p - +2 dagger (elec)
rCold   . . .      Faith    .   (no shield)
rNeg    . . .      Spirit   .   q - +4 ring mail
rPois   +          Reflect  +   c - +2 helmet
rElec   .          Harm     .   y - +1 cloak
rCorr   .          Rampage  .   f - +2 pair of gloves
Will    .....                   (no boots)
Stlth   +++.......              h - amulet of Xom's Flight of Fancy {Reflect MP+9 SH+5}
HPRegen 0.21/turn               j - ring of poison resistance
MPRegen 0.17/turn               (no ring)

@: corroded
A: yellow scales 1, demonic guardian 1, demonic touch 2
a: no special abilities


You were on level 8 of the Dungeon.
You visited 1 branch of the dungeon, and saw 8 of its levels.
You also visited: Ossuary.

You collected 424 gold pieces.
You spent 130 gold pieces at shops.

Inventory:

Hand Weapons
 e - a +0 dagger of pain
 p - a +2 dagger of electrocution (weapon)
Missiles
 m - 3 atropa-tipped darts (quivered)
 r - 5 boomerangs
 t - 2 throwing nets
Armour
 a - a +0 leather armour
 c - a +2 helmet (worn)
 f - a +2 pair of gloves (worn)
 q - a +4 ring mail (worn)
 y - a +1 cloak (worn)
 C - a +1 robe of the Archmagi
Jewellery
 h - the amulet of Xom's Flight of Fancy (around neck) {Reflect MP+9 SH+5}
   (You acquired it on level 3 of the Dungeon)

   [amulet of reflection]

   It reflects blocked missile attacks.
   MP:        It affects your magic capacity (+9).
   SH:        It affects your SH (+5).
 j - a ring of poison resistance (left hand)
 k - an amulet of faith
 z - a ring of willpower
Scrolls
 b - 3 scrolls of blinking
 d - 7 scrolls of teleportation
 n - a scroll of silence
 o - 4 scrolls of vulnerability
 E - a scroll of fog
 H - a scroll of magic mapping
Potions
 g - 2 potions of heal wounds
 i - 6 potions of curing
 l - 2 potions of cancellation {unknown}
 v - 3 potions of mutation
 w - a potion of lignification {unknown}
 x - 3 potions of might
 A - 2 potions of berserk rage {unknown}
 B - a potion of resistance {unknown}
 D - a potion of magic {unknown}
 F - 3 potions of brilliance {unknown}


   Skills:
 + Level 5.0 Fighting
 - Level 0.8 Throwing
 - Level 0.8 Armour
 - Level 1.7 Dodging
 + Level 9.3 Stealth
 + Level 8.8 Unarmed Combat
 - Level 2.0 Spellcasting
 - Level 2.6 Translocations


You had 3 spell levels left.
You knew the following spells:

 Your Spells              Type           Power      Damage    Failure   Level
a - Blink                 Tloc           24%        N/A       19%         2
b - Teleport Other        Tloc           12%        N/A       36%         3
c - Passage of Golubria   Tloc           12%        N/A       77%         4

Your spell library contained the following spells:

 Spells                   Type           Power      Damage    Failure   Level
 Gell's Gravitas          Tloc           12%        N/A       36%         3
 Lesser Beckoning         Tloc           12%        N/A       36%         3
 Tukima's Dance           Hex            1%         N/A       75%         3
 Manifold Assault         Tloc           12%        N/A       98%         5
 Yara's Violent Unravell  Hex/Tmut       0%         3d3       100%        5


Dungeon Overview and Level Annotations

Branches:
Dungeon (8/15)            Ossuary (visited)
 Temple: D:4-7         Lair: D:8-11

Altars:
Makhleb
Trog

Shops:
D:4 !


Innate Abilities, Weirdness & Mutations

You are partially covered in yellow scales. (AC +2)
A weak demonic guardian rushes to your aid.
Your touch may inflict irresistible damage on your foes.


Message History

The gnoll completely misses you.
You hit the kobold brigand but do no damage.
The kobold brigand is moderately wounded.
The kobold brigand hits you with a +0 short sword.
The gnoll zaps a wand.
The bolt of acid hits you!
You completely miss the kobold brigand.
You touch the kobold brigand.
The kobold brigand is heavily wounded.
The kobold brigand completely misses you.
The gnoll closely misses you.
You hit the kobold brigand.
The kobold brigand is severely wounded.
The kobold brigand hits you but does no damage.
The gnoll hits you but does no damage.
You hit the kobold brigand.
The kobold brigand is severely wounded.
The kobold brigand hits you but does no damage.
The gnoll zaps a wand.
The bolt of acid misses you.
You hit the kobold brigand.
Lightning courses through the kobold brigand!
You kill the kobold brigand!
The gnoll hits you but does no damage.
Your Fighting skill increases to level 5!
The gnoll hits you with a +0 quarterstaff.
Things that are here:
a +0 short sword; 8 poisoned darts; a kobold corpse You barely miss the gnoll.
Your touch misses the gnoll. The gnoll hits you but does no damage.
You closely miss the gnoll. The gnoll hits you but does no damage.
You hit the gnoll but do no damage.
You touch the gnoll.
The gnoll is heavily wounded.
The gnoll closely misses you.
You hit the gnoll.
The gnoll is almost dead.
The gnoll zaps a wand.
The bolt of acid hits you!!
* * * LOW HITPOINT WARNING * * *
The acid corrodes you!
You hit the gnoll but do no damage. Your touch misses the gnoll.
The gnoll is almost dead.
The gnoll zaps a wand.
The bolt of acid hits you!!
You die...

#.##.## .# #.#
### #)##..# .#
#.# #.###.# #'#
#.# #.# ...
#.###.###.# ...
#.........#
#####...####...
### ........#
## +..
#####.g@# ...
## ##..# ....
##.#..⌠..
#####.'.....
#.....'.....
#.#####..g.o
### #.# . ...
##.## #.#####..
. ##.#.##
#D....#
########.#....


You could see a gnoll.

Vanquished Creatures
  6 centaur zombies
  Sigmund (D:5)
  A vampire (D:8)
  Menkaure (D:7)
  A water moccasin (D:5)
  A black bear (D:6)
  An ice beast (D:7)
  A sky beast (D:5)
  A centaur (D:6)
  A phantom (D:5)
  A kobold brigand (D:8)
  A bullfrog (D:7)
  10 scorpions
  A wyvern skeleton (D:6)
  3 wights (D:6)
  2 bullfrog zombies
  A human zombie (Ossuary)
  An orc priest (D:3)
  3 hounds
  3 jellies
  2 bullfrog skeletons
  2 gnoll shamans
  An iguana (D:5)
  2 orc wizards (D:6)
  7 scorpion zombies
  A hound skeleton (D:5)
  A howler monkey zombie (D:6)
  3 mummies (Ossuary)
  Robin (D:2)
  12 adders
  9 gnolls
  2 howler monkey skeletons
  A shadow imp (D:6)
  An ufetubus (D:5)
  3 worms
  3 dart slugs
  15 orcs
  7 bats
  3 endoplasms
  5 giant cockroaches
  A gnoll zombie (Ossuary)
  17 goblins
  8 hobgoblins
  4 jackals (D:3)
  A quokka (D:1)
  3 ball pythons
  A frilled lizard (D:2)
  A goblin zombie (Ossuary)
  4 hobgoblin zombies (Ossuary)
  3 kobolds (D:2)
  2 kobold zombies (Ossuary)
  5 rats
172 creatures vanquished.

Vanquished Creatures (collateral kills)
  2 gnolls
2 creatures vanquished.

Vanquished Creatures (others)
  A gnoll (D:8)
1 creature vanquished.

Grand Total: 175 creatures vanquished

Notes
Turn   | Place    | Note
-------+----------+-------------------------------------------
     0 | D:1      | Shayle the Demonspawn Warper began the quest for the Orb.
     0 | D:1      | Reached XP level 1. HP: 16/16 MP: 3/3
   496 | D:1      | Gained mutation: Your touch may inflict minor irresistible
                  | damage on your foes. [demonic ancestry]
   496 | D:1      | Reached XP level 2. HP: 21/22 MP: 5/5
   542 | D:1      | Reached skill level 1 in Stealth
  1034 | D:2      | Found a bloodstained altar of Trog.
  1255 | D:2      | Reached XP level 3. HP: 14/27 MP: 6/6
  1508 | D:2      | Reached skill level 2 in Stealth
  2360 | D:2      | Gained mutation: Your touch may inflict irresistible damage
                  | on your foes. [demonic ancestry]
  2360 | D:2      | Reached XP level 4. HP: 25/33 MP: 7/7
  2363 | D:2      | Learned a level 2 spell: Blink
  2367 | D:2      | Learned a level 3 spell: Teleport Other
  3174 | D:3      | Reached skill level 3 in Stealth
  3560 | D:3      | Noticed Robin
  3597 | D:3      | Reached XP level 5. HP: 35/38 MP: 8/8
  3802 | D:2      | Killed Robin
  4522 | D:3      | Identified a scroll of acquirement
  4522 | D:3      | Acquired the amulet of Xom's Flight of Fancy {Reflect MP+9
                  | SH+5}
  4899 | D:4      | Found Omeaxe's Distillery.
  4919 | D:3      | Reached skill level 4 in Stealth
  4919 | D:3      | Reached XP level 6. HP: 41/44 MP: 9/9
  5049 | D:4      | Bought a potion of curing for 30 gold pieces
  5049 | D:4      | Bought a potion of heal wounds for 50 gold pieces
  5049 | D:4      | Bought a potion of heal wounds for 50 gold pieces
  5060 | D:4      | Found a burning altar of Makhleb.
  5458 | D:5      | Entered Level 5 of the Dungeon
  5630 | D:5      | Reached skill level 5 in Unarmed Combat
  5792 | D:5      | Noticed Sigmund
  5825 | D:5      | Noticed a water moccasin
  5943 | D:4      | Reached skill level 5 in Stealth
  5943 | D:4      | Gained mutation: You are partially covered in yellow
                  | scales. (AC +2) [demonic ancestry]
  5943 | D:4      | Reached XP level 7. HP: 50/50 MP: 10/10
  5958 | D:5      | Killed Sigmund
  6171 | D:5      | Reached skill level 6 in Stealth
  6318 | D:5      | Gained mutation: A weak demonic guardian rushes to your
                  | aid. [demonic ancestry]
  6318 | D:5      | Reached XP level 8. HP: 45/56 MP: 11/11
  6797 | D:6      | Reached skill level 7 in Stealth
  7237 | D:6      | Reached skill level 8 in Stealth
  7366 | D:6      | Learned a level 4 spell: Passage of Golubria
  7479 | D:6      | You fall into a shaft and drop 1 floor!
  7548 | D:7      | Reached XP level 9. HP: 62/62 MP: 12/12
  7628 | D:7      | Found a sand-covered staircase.
  7629 | D:7      | Noticed Menkaure
  7632 | D:7      | Killed Menkaure
  7635 | Ossuary  | Entered an ossuary
  8125 | Ossuary  | Reached skill level 9 in Stealth
  9200 | D:8      | Reached skill level 5 in Fighting
  9205 | D:8      | Killed from afar by a gnoll

Illustrated notes

Levels and vault maps discovered:
D:1:      minmay_arrival_hallway, layout_basic, minmay_misc_feat_pillars
D:2:      layout_basic, basic_altar, minmay_increasing_density
D:3:      layout_basic, uniq_robin
D:4:      layout_rooms, nicolae_overflow_crystal_walls, serial_shops, shop
D:5:      layout_basic, uniq_sigmund
D:6:      nicolae_cairo_tiling_large, layout_rooms,
          minmay_temple_entry_nine_rooms, minmay_misc_feat_cross,
          columned_hall_lemuel, kennysheep_opposing_triangles
D:7:      layout_loops_cross, nicolae_ossuary_entry_plus, dk_noncrumbling_4,
          hangedman_abyss_or_decor_jellyfish_corner,
          hangedman_decor_diamond_cutter, uniq_menkaure
D:8:      layout_loops_corners, kennysheep_generic_room_5

Skill      XL: |  1  2  3  4  5  6  7  8  9 |
---------------+----------------------------+-----
Unarmed Combat | 2 3 4 5 6 7 8 |  8.8
Stealth        | 1 2 3 4 5 6 8 9 |  9.3
Fighting       | 5 |  5.0
Throwing       | |  0.8
Armour         | |  0.8
Dodging        | |  1.7
Spellcasting   | |  2.0
Translocations | |  2.6

Action                   |  1- 3 |  4- 6 |  7- 9 || total
-------------------------+-------+-------+-------++-------
Melee: Dagger            |   157 |   267 |   339 ||   763
       Unarmed           |    17 |       |       ||    17
       Touch             |    19 |    46 |    85 ||   150
       Punch             |     3 |     7 |    20 ||    30
Throw: Boomerang         |       |     5 |       ||     5
       Dart              |       |     4 |     3 ||     7
 Cast: Teleport Other    |       |     1 |       ||     1
       Blink             |       |     1 |       ||     1
  Use: Scroll            |     3 |     5 |     9 ||    17
       Potion            |       |     1 |     2 ||     3
 Stab: Invisible         |       |     3 |       ||     3
       Sleeping          |       |     3 |    16 ||    19
Armor: Leather armour    |    43 |    79 |       ||   122
       Ring mail         |       |    36 |   222 ||   258
Dodge: Dodged            |   111 |   149 |   154 ||   414
Block: Other             |       |    20 |    84 ||   104
       Reflection        |       |     1 |       ||     1

Table legend: (Time is in decaauts)
 A = Elapsed time spent in this place.
 B = Non-inter-level travel time spent in this place.
 C = Inter-level travel time spent in this place.
 D = Time resting spent in this place.
 E = Time spent auto-exploring this place.
 F = Levels seen in this place.
 G = Mean time per level.
                   A        B        C        D        E       F      G
               +--------+--------+--------+--------+--------+-----+--------+
         Total |   9213 |   9108 |    105 |   1992 |   4416 |   9 | 1023.7 |
       Dungeon |   8643 |   8538 |    105 |   1815 |   4415 |   8 | 1080.4 |
       Ossuary |    569 |    569 |      0 |    177 |      1 |   1 |  569.0 |
               +--------+--------+--------+--------+--------+-----+--------+

Top non-repeatable levels by time:
     D:2: 2549 daAuts
     D:3: 1454 daAuts
     D:1: 1021 daAuts
     D:5: 974 daAuts
     D:6: 960 daAuts
     D:8: 697 daAuts
 Ossuary: 569 daAuts
     D:4: 527 daAuts
     D:7: 459 daAuts
